 Dungeon Crawl Stone Soup version 0.28.0-53-g5a82cb258f (webtiles) character file.

Game seed: 743319556181153825

412 cbfl8 the Chopper (level 6, 0/53 HPs)
             Began as a Hill Orc Fighter on Sept 12, 2022.
             Slain by an ogre
             ... wielding a +0 giant club
              (19 damage)
             ... on level 4 of the Dungeon.
             The game lasted 00:09:15 (5098 turns).

cbfl8 the Chopper (Hill Orc Fighter)                Turns: 5098, Time: 00:09:15

Health: 0/53       AC:  8    Str: 19    XL:     6   Next: 90%
Magic:  6/6        EV:  8    Int:  8    God:
Gold:   228        SH:  8    Dex: 12    Spells: 5/5 levels left

rFire   + . .      SeeInvis .   a - +0 war axe
rCold   x . .      Faith    .   i - +0 kite shield
rNeg    . . .      Spirit   .   b - +0 scale mail
rPois   .          Reflect  .   (no helmet)
rElec   .          Harm     .   (no cloak)
rCorr   .          Rampage  .   g - +0 pair of gloves
Will    .....                   (no boots)
Stlth   ..........              p - amulet of magic regeneration
HPRegen 0.17/turn               r - ring of fire
MPRegen 0.50/turn               (no ring)

@: no status effects
A: no striking features
a: no special abilities


You were on level 4 of the Dungeon.
You visited 1 branch of the dungeon, and saw 4 of its levels.

You collected 228 gold pieces.

Inventory:

Hand Weapons
 a - a +0 war axe (weapon)
Armour
 b - a +0 scale mail (worn)
 g - a +0 pair of gloves (worn)
 i - a +0 kite shield (worn)
Jewellery
 p - an amulet of magic regeneration (around neck)
 r - a ring of fire (left hand)
Wands
 c - a wand of digging (4) (quivered)
Scrolls
 k - a scroll of immolation
 l - a scroll of noise
 o - a scroll of teleportation
 s - a scroll of fear {unknown}
 t - 2 scrolls of magic mapping {unknown}
 u - a scroll of brand weapon {unknown}
Potions
 d - a potion of might
 e - a potion of resistance {unknown}
 f - 2 potions of lignification {unknown}
 h - a potion of curing {unknown}
 j - a potion of haste {unknown}
 m - a potion of invisibility {unknown}
 n - a potion of magic {unknown}
 q - a potion of attraction {unknown}
 v - 2 potions of flight {unknown}


   Skills:
 * Level 4.7 Fighting
 * Level 5.8 Axes
 + Level 4.3 Armour
 * Level 1.4 Dodging
 + Level 0.2 Stealth
 + Level 4.1 Shields
 * Level 2.2 Evocations


You had 5 spell levels left.
You didn't know any spells.
Your spell library contained the following spells:

 Spells                   Type           Power      Damage    Failure   Level
 Ensorcelled Hibernation  Hex/Ice        0%         N/A       99%         2
 Spider Form              Tmut/Pois      0%         N/A       100%        3
 Anguish                  Hex/Necr       0%         N/A       100%        4


Dungeon Overview and Level Annotations

Branches:
Dungeon (4/15)
 Temple: D:4-7

Altars:

Shops:
D:2 (

Annotations:
D:4 3 runed translucent doors, Jingleheimer's ghost, amateur PaAK


Message History

No target in view!
The jelly quivers.
A jelly is nearby!
A jelly is nearby!
You hit the jelly. The acid corrodes you!
Your hands burn!
The jelly is moderately wounded.
You block the jelly's attack.
A jelly is nearby!
You slash the jelly!
Your hands burn!
The jelly is almost dead.
You block the jelly's attack. The jelly hits you.
You are splashed with acid!
A jelly is nearby!
You slash the jelly!
You kill the jelly!
You are no longer corroded.
Key pressed, stopping explore.
No target in view!
Found a stone staircase leading down.
No target in view!
Key pressed, stopping explore.
No target in view!
The ball python hisses angrily.
You hear a shout!
The gnoll shaman shouts!
Jingleheimer's ghost turns its malevolent gaze towards you.
You see here 24 stones.
No reachable target in view!
Could not explore, unopened runed door.
Could not explore, unopened runed door.
No reachable target in view!
Could not explore, unopened runed door.
No reachable target in view!
Could not explore, unopened runed door.
No reachable target in view!
Jingleheimer's ghost says regretfully, "I wish I had corrupted all of this!"
The ogre shouts!
The ogre hits you with a +0 giant club!!
You block the ogre's attack. The ogre hits you with a +0 giant club!
The ogre hits you with a +0 giant club!!
You die...

#............#..#K.#.#..#...#. #
#.############..#...!$..#..##.
####.# ##..#.......#.....
.##..### #...#########..###
##..#..# #..............#
.#.#...#########..............#
#.#..#..............#.####..###
.#...>...........O..#.####.##
#...............@...#..).#.#
.#..................####.#.#
#......############......#.#
##.....# #####..#.# #......#
####### #..#.# ##.....#
#.....####..#.# ####.###
#.###.......#.#
...#.#########.#########.#.######
##.#.........#.............##..#.


You could see an ogre.

Vanquished Creatures
  A steam dragon (D:4)
  A scorpion (D:3)
  A jelly (D:4)
  A hound (D:4)
  4 gnolls (D:2)
  4 adders
  An adder skeleton (D:4)
  2 worms
  4 dart slugs
  3 orcs
  6 bats
  3 endoplasms
  2 giant cockroaches
  6 goblins
  16 hobgoblins
  6 jackals
  2 kobolds
  2 quokkas
  8 ball pythons
  2 frilled lizards (D:3)
  2 rats (D:2)
77 creatures vanquished.

Notes
Turn   | Place    | Note
-------+----------+-------------------------------------------
     0 | D:1      | cbfl8 the Hill Orc Fighter began the quest for the Orb.
     0 | D:1      | Reached XP level 1. HP: 19/19 MP: 1/1
    84 | D:1      | Reached XP level 2. HP: 24/27 MP: 2/2
   330 | D:1      | Reached skill level 3 in Axes
   709 | D:1      | Reached XP level 3. HP: 33/33 MP: 3/3
   914 | D:2      | Found Gujir's Weapon Shoppe.
   952 | D:2      | Reached skill level 1 in Evocations
  1460 | D:2      | Reached skill level 4 in Axes
  1790 | D:3      | Reached XP level 4. HP: 40/40 MP: 4/4
  2887 | D:2      | Found a faded altar of an unknown god.
  3002 | D:2      | Reached XP level 5. HP: 13/47 MP: 5/5
  3611 | D:4      | Noticed a steam dragon
  3692 | D:4      | Noticed an ogre
  3941 | D:3      | Reached skill level 5 in Axes
  3941 | D:3      | Reached skill level 1 in Dodging
  4067 | D:4      | Killed a steam dragon
  4068 | D:4      | Reached XP level 6. HP: 42/53 MP: 6/6
  4372 | D:4      | Noticed Jingleheimer's ghost (amateur PaAK)
  4472 | D:4      | Found a runed translucent gate.
  4473 | D:4      | Found a runed translucent gate.
  4474 | D:4      | Found a runed translucent gate.
  5098 | D:4      | Slain by an ogre

Illustrated notes

Levels and vault maps discovered:
D:1:      moated_graveyard_arrival, layout_basic
D:2:      layout_basic, nicolae_ecumenical_snake_handling, serial_shops,
          nicolae_shop_window_shopping
D:3:      layout_basic
D:4:      layout_basic, gammafunk_ghost_split, hangedman_abyss_or_decor_slice,
          minmay_fractal_squares_5

Skill      XL: |  1  2  3  4  5  6 |
---------------+-------------------+-----
Axes           | 3 4 5 |  5.8
Fighting       | 4 |  4.7
Evocations     | 1 2 |  2.2
Armour         | 4 |  4.3
Dodging        | 1 |  1.4
Shields        | 4 |  4.1
Stealth        | |  0.2

Action                   |  1- 3 |  4- 6 || total
-------------------------+-------+-------++-------
Melee: War axe           |   105 |   114 ||   219
  Use: Potion            |       |     1 ||     1
       Scroll            |       |     5 ||     5
Armor: Scale mail        |    53 |    52 ||   105
Dodge: Dodged            |    70 |    37 ||   107
Block: Buckler           |    17 |       ||    17
       Kite shield       |    22 |    72 ||    94
